 Dungeon Crawl Stone Soup version 0.19.1-1-g22dce08 (webtiles) character file.

219 OrDronus the Chiller (level 5, -7/35 HPs)
             Began as a Demonspawn Ice Elementalist on Jan 18, 2017.
             Was an Initiate of Kikubaaqudgha.
             Killed by nerve-wracking pain
             ... invoked by Grinder
              (12 damage)
             ... on level 4 of the Dungeon.
             The game lasted 00:12:23 (3536 turns).

OrDronus the Chiller (Demonspawn Ice Elementalist)  Turns: 3536, Time: 00:12:25

Health: -7/35      AC:  2    Str:  9    XL:     5   Next: 64%
Magic:  10/10      EV: 12    Int: 17    God:    Kikubaaqudgha [......]
Gold:   161        SH:  0    Dex: 13    Spells: 2 memorised, 8 levels left

rFire  . . .     SeeInvis .     (no weapon)
rCold  . . .     Gourm    .     a - +0 robe
rNeg   . . .     Faith    .     (no shield)
rPois  .         Spirit   .     (no helmet)
rElec  .         Reflect  .     (no cloak)
rCorr  .         Harm     .     (no gloves)
MR     .....                    (no boots)
Stlth  ++........               (no amulet)
                                (no ring)
                                (no ring)

@: flying, drained
A: powered by pain 1, spiny 1
a: Renounce Religion


You were on level 4 of the Dungeon.
You worshipped Kikubaaqudgha.
Kikubaaqudgha was noncommittal.
You were not hungry.

You visited 1 branch of the dungeon, and saw 4 of its levels.

You collected 161 gold pieces.

Inventory:

Hand Weapons
 f - a +0 spear
Armour
 a - a +0 robe (worn)
 e - a +0 buckler
 u - a +2 helmet
 y - a +0 large shield
Jewellery
 m - an uncursed ring of positive energy {unknown}
Wands
 v - a wand of random effects (26/48)
Scrolls
 d - 2 scrolls of teleportation {unknown}
 j - 4 scrolls of identify {unknown}
 l - a scroll of amnesia {unknown}
 n - 2 scrolls of enchant weapon {unknown}
 p - 3 scrolls of remove curse {unknown}
 t - 2 scrolls of magic mapping {unknown}
 w - a scroll of immolation {unknown}
Potions
 h - 2 potions of flight
 i - 2 potions of might {unknown}
 q - a potion of agility {unknown}
 r - a potion of brilliance {unknown}
 s - a potion of curing {unknown}
 x - a potion of degeneration {unknown}
Books
 b - a book of Frost

   Spells                             Type                      Level
   a - Freeze                         Ice                          1
   b - Throw Frost                    Conjuration/Ice              2
   c - Ozocubu's Armour               Charms/Ice                   3
   d - Throw Icicle                   Conjuration/Ice              4
   e - Summon Ice Beast               Ice/Summoning                4
Comestibles
 c - 2 bread rations
 g - a beef jerky
 k - a slice of pizza
 o - a meat ration


   Skills:
 + Level 0.2(0.0) Fighting
 + Level 2.0(1.7) Dodging
 + Level 2.3(2.1) Stealth
 + Level 3.9(3.7) Spellcasting
 + Level 1.3(1.0) Conjurations
 + Level 4.1(3.9) Ice Magic


You had 8 spell levels left.
You knew the following spells:

 Your Spells              Type           Power        Failure   Level  Hunger
a - Freeze                Ice            ###.         3%          1    None
b - Throw Frost           Conj/Ice       ##....       12%         2    ##.....


Dungeon Overview and Level Annotations

Branches:
Dungeon (4/15)
 Temple: D:4-7

Altars:
Elyvilon
Kikubaaqudgha
Nemelex Xobeh
Xom

Annotations:
D:4 Grinder


Innate Abilities, Weirdness & Mutations

You sometimes gain a little power by taking damage.
You are partially covered in sharp spines.


Message History

Grinder gestures at you. Pain shoots through your body!
Grinder gestures at you. Pain shoots through your body!
* * * LOW HITPOINT WARNING * * *
Grinder gestures at you.
You suddenly lose the ability to move!
Grinder gestures at you.
You shrug off the repeated paralysis!
Grinder gestures at you. Pain shoots through your body!
* * * LOW HITPOINT WARNING * * *
You can move again.
It was a potion of flight.
You feel very buoyant.
You fly up into the air.
Grinder gestures at you. Pain shoots through your body!
You die...
Kikubaaqudgha rasps: "You have failed me!
Welcome... death!"

.≈≈.>.≈≈...#####...#####
.
.≈≈o..≈≈...#####...##..#
#######. #.......##..#
#....... ####........#
#......# #### ##5(....##
#......# #..# #...#...#
#......# #..#
#...#...###.)....# #..##
#...#.#...#>.....# ##..#
#@##..###..##.#..# #..#
#.##..# ##.[..#... #..#
#.##..# ###...... #..#
#.##..# #......#.
#..###.##.#####.#..#...
##...........##....###..
##................###
##. #..>............#.#
#. #.(.............#.#
##


You could see Grinder.

Vanquished Creatures
  A scorpion (D:4)
  3 orc wizards
  An adder (D:3)
  2 oozes
  2 worms
  3 dart slugs
  A leopard gecko (D:1)
  5 orcs
  6 bats
  4 giant cockroaches
  5 goblins
  6 hobgoblins
  2 jackals (D:3)
  A quokka (D:3)
  3 ball pythons
  3 frilled lizards (D:1)
  5 kobolds
  5 rats
58 creatures vanquished.

Notes
Turn   | Place    | Note
-------+----------+-------------------------------------------
     0 | D:1      | OrDronus the Demonspawn Ice Elementalist began the quest for the Orb.
     0 | D:1      | Reached XP level 1. HP: 13/13 MP: 3/3
   362 | D:1      | Gained mutation: You are partially covered in sharp spines. [demonic ancestry]
   362 | D:1      | Reached XP level 2. HP: 18/19 MP: 1/5
   426 | D:1      | Reached skill level 3 in Ice Magic
   949 | D:2      | Gained mutation: You sometimes gain a little power by taking damage. [demonic ancestry]
   949 | D:2      | Reached XP level 3. HP: 20/24 MP: 3/6
  2054 | D:3      | Found a shimmering altar of Xom.
  2092 | D:3      | Found a sparkling altar of Nemelex Xobeh.
  2095 | D:3      | Found an ancient bone altar of Kikubaaqudgha.
  2230 | D:3      | Became a worshipper of Kikubaaqudgha
  2253 | D:3      | Found a white marble altar of Elyvilon.
  2428 | D:3      | Learned a level 2 spell: Throw Frost
  2613 | D:3      | Reached XP level 4. HP: 30/30 MP: 5/8
  3031 | D:4      | Reached skill level 4 in Ice Magic
  3031 | D:4      | Reached XP level 5. HP: 35/35 MP: 0/10
  3500 | D:4      | Noticed Grinder
  3513 | D:4      | Paralysed by Grinder for 5 turns
  3520 | D:4      | Paralysed by Grinder for 3 turns
  3532 | D:4      | Paralysed by Grinder for 4 turns
  3536 | D:4      | Killed from afar by Grinder

Skill      XL: |  1  2  3  4 |
---------------+-------------+-----
Ice Magic      | 3 4 |  4.1
Stealth        | 2 |  2.3
Spellcasting   | 3 |  3.9
Dodging        | 2 |  2.0
Fighting       | |  0.2
Conjurations   | |  1.3

Action                   |  1- 3 |  4- 6 || total
-------------------------+-------+-------++-------
Melee: Unarmed           |     7 |       ||     7
 Cast: Freeze            |    74 |    22 ||    96
       Throw Frost       |       |    14 ||    14
  Use: Potion            |       |     1 ||     1
  Eat: Chunk             |     6 |     3 ||     9
Armor: Robe              |    10 |     2 ||    12
Dodge: Dodged            |    32 |     5 ||    37
